 Dungeon Crawl Stone Soup version 0.16-a0-1212-geefc3ab (webtiles) character file.

5332 Kashira the Cleaver (level 10, -2/51 HPs)
             Began as a Vine Stalker Berserker on Oct 12, 2014.
             Was a High Priest of Trog.
             Killed from afar by a lindwurm (13 damage)
             ... with a blast of flame
             ... in a volcano.
             The game lasted 00:17:54 (6424 turns).

Kashira the Cleaver (Vine Stalker Berserker)        Turns: 6424, Time: 00:17:54

Health: -2/51      AC:  8    Str: 22      XL:     10   Next: 64%
Magic:  0/18       EV: 11    Int:  7      God:    Trog [*****.]
Gold:   334        SH:  0    Dex: 14 (15) Spells: 0 memorised, 9 levels left

rFire  + . .     SeeInvis .     G - +2 war axe (venom)
rCold  . . .     Clarity  .     f - +0 ring mail
rNeg   . . .     SustAb   .     (no shield)
rPois  +         Gourm    .     (no helmet)
rElec  .         Spirit   +     l - +0 cloak
rCorr  .         Warding  .     (no gloves)
rMut   +         Stasis   .     o - +0 pair of boots
MR     +....                    u - amulet of resist mutation
Stlth  +.........               D - ring of protection from fire
                                b - ring of poison resistance

@: exhausted, slowed, very slow, somewhat resistant to hostile enchantments,
very unstealthy
A: fangs 3, regeneration 2, magic shield, antimagic bite, no device heal 3, rot
immunity
a: Burn Spellbooks, Berserk, Trog's Hand, Brothers in Arms, Renounce Religion


You were in a volcano.
You worshipped Trog.
Trog was extremely pleased with you.
You were not hungry.

You visited 2 branches of the dungeon, and saw 9 of its levels.
You also visited: Volcano.

You collected 334 gold pieces.

Inventory:

Hand weapons
 d - a +3 flail of protection
 G - a +2 war axe of venom (weapon)
Armour
 f - a +0 ring mail (worn)
 l - a +0 cloak (worn)
 o - a +0 pair of boots (worn)
 J - a +1 chain mail of fire resistance
Magical devices
 C - a wand of teleportation (2)
Comestibles
 c - 13 bread rations
 i - 2 slices of pizza
 n - 5 fruits
Scrolls
 a - 2 scrolls of summoning {unknown}
 e - a scroll of amnesia {unknown}
 j - 2 scrolls of teleportation {unknown}
 k - 2 scrolls of fog {unknown}
 t - a scroll of enchant armour {unknown}
 w - a scroll of fear
 x - 2 scrolls of remove curse
 H - a scroll of random uselessness {unknown}
 I - a scroll of noise {unknown}
 M - a scroll of identify
Jewellery
 b - a ring of poison resistance (left hand)
 p - an uncursed ring of positive energy
 u - an amulet of resist mutation (around neck)
 y - an uncursed amulet of resist corrosion
 z - an uncursed amulet of rage
 D - a ring of protection from fire (right hand)
Potions
 g - 2 potions of beneficial mutation
 h - 5 potions of curing
 m - a potion of cancellation {unknown}
 q - a potion of might
 s - a potion of flight {unknown}
 v - a potion of cure mutation {unknown}
 E - 3 potions of heal wounds
 F - 2 potions of agility
 K - a potion of magic
 L - a potion of resistance {unknown}
Books
 A - a book of Fire

   Spells                             Type                      Level
   Ignite Poison                      Fire/Transmutation           5
   Fireball                           Conjuration/Fire             5
   Bolt of Fire                       Conjuration/Fire             6
   Delayed Fireball                   Conjuration/Fire             7
   Ring of Flames                     Charms/Fire                  7
   Trog disapproves of the use of such an item.
 B - a book of Flames

   Spells                             Type                      Level
   Flame Tongue                       Conjuration/Fire             1
   Throw Flame                        Conjuration/Fire             2
   Conjure Flame                      Conjuration/Fire             3
   Inner Flame                        Hexes/Fire                   3
   Sticky Flame                       Conjuration/Fire             4
   Fireball                           Conjuration/Fire             5
   Trog disapproves of the use of such an item.


   Skills:
 + Level 5.1 Fighting
 * Level 11.7 Axes
 + Level 3.8 Armour
 + Level 4.0 Dodging
 - Level 1.0 Stealth
 * Level 4.0 Evocations


You had 9 spell levels left.
You didn't know any spells.

Dungeon Overview and Level Annotations

Branches:
Dungeon (8/15)             Temple (0/1) D:4            Lair (1/8) D:8

Altars:
Ashenzari
Dithmenos
Makhleb
Okawaru
Qazlal
Vehumet
Xom


Innate Abilities, Weirdness & Mutations

You have razor-sharp teeth.
You heal very quickly.
When hurt, damage is shared between your health and your magic reserves.
Your bite disrupts and absorbs the magic of your enemies.
Potions and wands cannot restore your health.
You are immune to rotting.


Message History

Your skin stops crawling.
You feel less resistant to hostile enchantments.
Eat which item? (? for menu, Esc to quit)
You continue eating. x3
The lindwurm roars!
You finish eating.
That meat ration really hit the spot!
Read which item? (? for menu, Esc to quit)
As you read the scroll of fear, it crumbles to dust.
You assume a fearsome visage.
The lindwurm looks frightened!
The lindwurm breathes flames at you. The blast of flame hits you! You resist.
* * * LOW HITPOINT WARNING * * *
Drink which item? (? for menu, Esc to quit)
Okay, then.
Drink which item? (? for menu, Esc to quit)
Okay, then.
Cornered, the lindwurm turns to fight!
The lindwurm breathes flames at you. The blast of flame hits you! You resist.
You die...

## ### #.## ∩D. .[!#
)). ..# ########
..######..# #.∩....##
###...####.###
#.....####...%.§§..!)#
###.##....∩∩.k###.....#
#####%#....@# $)..#
..##...### k###
######..# # #.####
.##.## .##%..##
###...$∩# ###.### ###


You could see a lindwurm.

Vanquished Creatures
  The ghost of Kashira the Chopper, an experienced VSBe of Trog (D:6)
  A komodo dragon (Volcano)
  A fire drake (Volcano)
  Prince Ribbit (D:8)
  A spriggan (D:7)
  3 wyverns (D:8)
  6 fire bats
  4 yaks (Lair:1)
  3 mottled dragons (Volcano)
  A water moccasin (D:8)
  A hell hound (Volcano)
  A black bear (D:7)
  An ice beast (D:7)
  An ogre (D:4)
  Duvessa (D:5)
  2 big kobolds (D:7)
  6 killer bees (D:8)
  4 wights (D:6)
  2 crimson imps
  Dowan (D:5)
  A goliath beetle (D:7)
  A jelly (D:6)
  A quasit (D:8)
  2 hounds
  A yellow wasp zombie (D:7)
  An orc priest (D:4)
  3 iguanas
  3 orc wizards
  5 worker ants
  9 adders
  4 gnolls (D:4)
  3 shadow imps
  2 orc skeletons (D:4)
  3 worms
  An iguana zombie (D:5)
  An adder skeleton (D:4)
  3 giant geckos
  An ooze (D:3)
  19 orcs
  A ball python (D:2)
  6 giant cockroaches
  10 goblins
  8 hobgoblins
  14 kobolds
  2 quokkas
  19 bats
  A giant gecko skeleton (D:6)
  5 giant newts
  A kobold zombie (D:8)
  2 orc zombies
  15 rats
  15 ballistomycetes (D:6)
  A fungus (D:8)
206 creatures vanquished.

Vanquished Creatures (others)
  A giant spore (D:6)
1 creature vanquished.

Grand Total: 207 creatures vanquished

Notes
Turn   | Place    | Note
--------------------------------------------------------------
     0 | D:1      | Kashira, the Vine Stalker Berserker, began the quest for the Orb.
     0 | D:1      | Reached XP level 1. HP: 11/11 MP: 1/1
   200 | D:1      | Reached skill level 3 in Axes
   260 | D:1      | Reached XP level 2. HP: 16/16 MP: 3/3
   455 | D:1      | Acquired Trog's second power
   843 | D:2      | Reached XP level 3. HP: 11/20 MP: 4/4
  1128 | D:2      | Found an iron altar of Okawaru.
  1157 | D:2      | Found a shadowy altar of Dithmenos.
  1299 | D:3      | Found a burning altar of Makhleb.
  1491 | D:3      | Found a shattered altar of Ashenzari.
  1491 | D:3      | Found a stormy altar of Qazlal.
  1492 | D:3      | Found a shimmering altar of Xom.
  1616 | D:3      | Reached XP level 4. HP: 22/24 MP: 3/5
  1812 | D:3      | Reached skill level 4 in Axes
  1815 | D:3      | Reached XP level 5. HP: 28/28 MP: 7/7
  2190 | D:4      | Reached skill level 1 in Stealth
  2249 | D:4      | Reached skill level 5 in Axes
  2249 | D:4      | Gained mutation: You heal very quickly. [vine stalker growth]
  2249 | D:4      | Reached XP level 6. HP: 26/33 MP: 4/8
  2383 | D:4      | Acquired Trog's third power
  2455 | D:4      | Found a staircase to the Ecumenical Temple.
  2871 | D:4      | Reached skill level 6 in Axes
  2918 | D:5      | Entered Level 5 of the Dungeon
  3001 | D:5      | Reached XP level 7. HP: 37/37 MP: 9/9
  3103 | D:5      | Noticed Dowan
  3104 | D:5      | Noticed Duvessa
  3109 | D:5      | Killed Duvessa
  3131 | D:5      | Killed Dowan
  3260 | D:5      | Reached skill level 7 in Axes
  4080 | D:6      | Noticed Kashira's ghost (experienced VSBe)
  4089 | D:6      | Killed Kashira's ghost
  4089 | D:6      | Reached skill level 8 in Axes
  4089 | D:6      | Gained mutation: You have razor-sharp teeth. [vine stalker growth]
  4089 | D:6      | Reached XP level 8. HP: 30/42 MP: 7/11
  4725 | D:6      | Reached skill level 9 in Axes
  4960 | D:7      | Found a radiant altar of Vehumet.
  5019 | D:7      | Reached skill level 10 in Axes
  5080 | D:7      | Reached XP level 9. HP: 45/45 MP: 12/12
  5254 | D:7      | Received a gift from Trog
  5401 | D:8      | Reached skill level 1 in Evocations
  5622 | D:8      | Noticed Prince Ribbit
  5638 | D:8      | Killed Prince Ribbit
  5844 | D:8      | Reached skill level 11 in Axes
  5909 | D:8      | Found a staircase to the Lair.
  6275 | Lair:1   | Entered Level 1 of the Lair of Beasts
  6303 | Lair:1   | Reached XP level 10. HP: 34/51 MP: 9/17
  6323 | Lair:1   | Found a dark tunnel.
  6347 | Volcano  | Entered a volcano
  6372 | Volcano  | Reached skill level 5 in Fighting
  6416 | Volcano  | Noticed a lindwurm
  6424 | Volcano  | Killed from afar by a lindwurm

Action                   |  1- 3 |  4- 6 |  7- 9 | 10-12 || total
-------------------------+-------+-------+-------+-------++-------
Melee: Hand axe          |   122 |   191 |   213 |       ||   526
       War axe           |       |       |   160 |    37 ||   197
Invok: Berserk           |       |     2 |     4 |     2 ||     8
       Brothers in Arms  |       |       |     1 |       ||     1
       Trog's Hand       |       |       |       |     1 ||     1
  Use: Scroll            |       |       |    11 |     2 ||    13
  Eat: Chunk             |     2 |     6 |     1 |       ||     9
       Beef jerky        |       |     1 |       |       ||     1
       Meat ration       |       |       |     3 |     1 ||     4
